 Dungeon Crawl Stone Soup version 0.23.0 (webtiles) character file.

Game seed: 16793367284853665667

172 Nuz the Firebug (level 5, -1/38 HPs)
             Began as a Draconian Fire Elementalist on Feb 10, 2019.
             Slain by a bullfrog (3 damage)
             ... on level 2 of the Dungeon.
             The game lasted 00:10:30 (3604 turns).

Nuz the Firebug (Draconian Fire Elementalist)       Turns: 3604, Time: 00:10:31

Health: -1/38      AC:  7    Str: 10    XL:     5   Next: 27%
Magic:  9/9        EV: 12    Int: 17    God:
Gold:   122        SH:  0    Dex: 11    Spells: 4/10 levels left

rFire    . . .     SeeInvis .   q - +2 dagger (drain)
rCold    . . .     Gourm    .   (no shield)
rNeg     . . .     Faith    .   (armour unavailable)
rPois    .         Spirit   .   (helmet restricted)
rElec    .         Reflect  .   l - +0 cloak
rCorr    .         Harm     .   (no gloves)
MR       .....                  n - +0 pair of boots
Stlth    ++........             (no amulet)
HPRegen  0.12/turn              (no ring)
MPRegen  0.11/turn              (no ring)

@: no status effects
A: unfitting armour, cold-blooded, AC +5
a: no special abilities


You were on level 2 of the Dungeon.
You were not hungry.

You visited 1 branch of the dungeon, and saw 3 of its levels.

You collected 122 gold pieces.

Inventory:

Hand Weapons
 q - a +2 dagger of draining (weapon)
Armour
 l - a +0 cloak (worn)
 n - a +0 pair of boots (worn)
Scrolls
 a - a scroll of amnesia {unknown}
 d - a scroll of identify {@r1}
 e - a scroll of remove curse {@r2}
 f - a scroll of fog {unknown}
 i - a scroll of teleportation {unknown}
 j - a scroll of magic mapping {unknown}
 k - a scroll of blinking {unknown}
 o - a scroll of enchant weapon
Potions
 c - a potion of heal wounds
 g - a potion of might
 h - a potion of brilliance
 m - a potion of flight
Comestibles
 b - 5 rations


   Skills:
 - Level 1.7 Dodging
 - Level 1.7 Stealth
 + Level 3.3 Spellcasting
 + Level 3.1 Conjurations
 + Level 4.2 Fire Magic


You had 4 spell levels left.
You knew the following spells:

 Your Spells              Type           Power        Failure   Level  Hunger
a - Flame Tongue          Conj/Fire      ###..        3%          1    None
b - Throw Flame           Conj/Fire      ###...       6%          2    ##.....
c - Conjure Flame         Conj/Fire      ###.....     12%         3    ###....

Your spell library contained the following spells:

 Spells                   Type           Power        Failure   Level  Hunger
 Inner Flame              Hex/Fire       #.......     22%         3    ###....
 Sticky Flame             Conj/Fire      ###.....     36%         4    ####...
 Fireball                 Conj/Fire      ###.......   71%         5    ######.


Dungeon Overview and Level Annotations

Branches:
Dungeon (3/15)

Altars:

Annotations:
D:3 Terence


Innate Abilities, Weirdness & Mutations

Your plain brown scales are hard. (AC +5)
You cannot fit into any form of body armour.
You are cold-blooded and may be slowed by cold attacks.


Message History

You see here 21 arrows.
The bullfrog hits you but does no damage.
There is an open door here.
The bullfrog hits you.
* * * LOW HITPOINT WARNING * * *
The bullfrog hits you.
* * * LOW HITPOINT WARNING * * *
The bullfrog barely misses you.
The bullfrog hits you but does no damage.
The bullfrog hits you.
* * * LOW HITPOINT WARNING * * *
The bullfrog barely misses you. The bullfrog barely misses you.
The bullfrog hits you.
* * * LOW HITPOINT WARNING * * *
You see here 21 arrows.
The bullfrog barely misses you.
There is an open door here.
The bullfrog hits you.
You die...

##############
#............######
#.##...............
#.#........#.######
#.#..<)....#'#.....
#.#..##..........##
#@#................
#F#...#...........#
####'#.>..............
#....(...#...........#
#........#...........#
#...[...##..........##
#.....................
#......###........####
#.................# #


You could see a bullfrog.

Vanquished Creatures
  3 gnolls
  7 adders
  An ooze (D:1)
  A worm (D:1)
  2 dart slugs (D:2)
  2 leopard geckos
  4 giant cockroaches
  6 goblins
  6 hobgoblins
  8 jackals
  7 kobolds
  2 ball pythons (D:2)
  9 bats
  A frilled lizard (D:1)
  8 rats
67 creatures vanquished.

Notes
Turn   | Place    | Note
-------+----------+-------------------------------------------
     0 | D:1      | Nuz the Draconian Fire Elementalist began the quest for the
                  | Orb.
     0 | D:1      | Reached XP level 1. HP: 14/14 MP: 3/3
   141 | D:1      | Reached XP level 2. HP: 18/20 MP: 0/5
   322 | D:1      | Learned a level 2 spell: Throw Flame
  1035 | D:2      | Reached XP level 3. HP: 25/26 MP: 2/6
  1597 | D:2      | Reached XP level 4. HP: 28/33 MP: 0/8
  1855 | D:2      | Learned a level 3 spell: Conjure Flame
  2235 | D:2      | Reached skill level 4 in Fire Magic
  2452 | D:1      | Reached XP level 5. HP: 15/38 MP: 1/9
  2989 | D:3      | Noticed Terence
  3600 | D:2      | HP: 1/38 [bullfrog (5)]
  3604 | D:2      | Slain by a bullfrog

Skill      XL: |  1  2  3  4  5 |
---------------+----------------+-----
Conjurations   | 2 3 |  3.1
Spellcasting   | 3 |  3.3
Fire Magic     | 4 |  4.2
Dodging        | |  1.7
Stealth        | |  1.7

Action                   |  1- 3 |  4- 6 || total
-------------------------+-------+-------++-------
Melee: Unarmed           |    42 |     2 ||    44
       Tailslap          |     8 |       ||     8
       Dagger            |       |     8 ||     8
 Cast: Flame Tongue      |    78 |    65 ||   143
       Throw Flame       |     1 |     9 ||    10
       Conjure Flame     |       |     5 ||     5
  Use: Scroll            |       |     6 ||     6
  Eat: Chunk             |     3 |     7 ||    10
Armor: Skin              |    37 |    28 ||    65
Dodge: Dodged            |    56 |    61 ||   117
